 Dungeon Crawl Stone Soup version 0.30-a0-782-ge64f9170bb (webtiles) character file.

Game seed: 3908964328583902133

3752 HoaS the Marksant (level 10, -2/67 HPs)
             Began as a Formicid Hunter on Feb 19, 2023.
             Was a Priest of Zin.
             Succumbed to a killer bee's poison
             ... on level 8 of the Dungeon.
             The game lasted 00:18:06 (6148 turns).

HoaS the Marksant (Formicid Hunter)                 Turns: 6148, Time: 00:18:07

Health: -2/67      AC: 10    Str: 16    XL:     10   Next: 37%
Magic:  13/13      EV: 12    Int:  9    God:    Zin [***...]
Gold:   282        SH:  0    Dex: 21    Spells: 9/9 levels left

rFire   . . .      SeeInvis +    s - +1 arbalest
rCold   . . .      Faith    .    (no shield)
rNeg    . . .      Spirit   .    c - +0 leather armour
rPois   .          Reflect  .    (helmet unavailable)
rElec   .          Harm     .    g - +1 cloak
rCorr   .          Rampage  .    a - +0 pair of gloves
Will    +....                    (no boots)
Stlth   ++                       v - amulet of regeneration
HPRegen 1.11/turn                l - +4 ring of protection
MPRegen 0.13/turn                r - ring of flight

@: lethally poisoned (-2 -> -13), flying
A: permanent stasis, dig shafts and tunnels, antennae 3, four strong arms
a: Dig, Shaft Self, Renounce Religion, Recite, Vitalisation, Imprison, Donate
Gold


You were on level 8 of the Dungeon.
You worshipped Zin.
Zin was most pleased with you.
You visited 1 branch of the dungeon, and saw 8 of its levels.

You collected 377 gold pieces.
You spent 58 gold pieces at shops.
You donated 37 gold pieces to Zin.

Inventory:

Hand Weapons
 s - a +1 arbalest (weapon)
Armour
 a - a +0 pair of gloves (worn)
 c - a +0 leather armour (worn)
 g - a +1 cloak (worn)
Jewellery
 l - a +4 ring of protection (left hand)
 r - a ring of flight (right hand)
 v - an amulet of regeneration (around neck)
Wands
 d - a wand of digging (6)
 k - a wand of roots (7)
 o - a wand of flame (18)
Scrolls
 b - 2 scrolls of immolation
 e - 4 scrolls of fog
Potions
 f - 4 potions of resistance
 h - 2 potions of lignification
 i - a potion of magic {unknown}
 j - a potion of attraction
 m - a potion of degeneration {unknown}
 n - a potion of ambrosia {unknown}
 p - a potion of heal wounds {unknown}
 q - 2 potions of curing {unknown}
 t - a potion of mutation {unknown}


   Skills:
 - Level 2.1 Fighting
 * Level 16.9 Ranged Weapons
 - Level 1.7 Dodging
 - Level 1.2 Stealth
 - Level 5.0 Invocations


You had 9 spell levels left.
You didn't know any spells.
Your spell library contained the following spells:

 Spells                   Type           Power      Damage    Failure   Level
 Cigotuvi's Dreadful Rot  Necr/Pois/Air  0%         N/A       58%         2
 Poisonous Vapours        Pois/Air       0%         N/A       58%         2
 Gell's Gravitas          Tloc           0%         N/A       83%         3
 Mephitic Cloud           Conj/Pois/Air  0%         N/A       83%         3
 Teleport Other           Tloc           0%         N/A       83%         3
 Dispersal                Tloc           0%         N/A       100%        6


Dungeon Overview and Level Annotations

Branches:
Dungeon (8/15)             Temple (0/1) D:5
   Lair: D:8-11

Altars:
Cheibriados
Okawaru
Qazlal
Ru
Sif Muna
Vehumet
Xom
Zin

Shops:
D:5 (   D:6 *=[   D:8 ?!*[


Innate Abilities, Weirdness & Mutations

You cannot be hasted, slowed, berserked, paralysed or teleported.
You can dig through walls and to a lower floor.
You have a pair of large antennae on your head. (SInv)
Your four strong arms can wield two-handed weapons with a shield.


Message History

The killer bee closely misses you. The killer bee stings you.
You are more poisoned.
The killer bee poisons you!
You are too injured to fight recklessly!
You are too injured to fight recklessly!
You are too injured to fight recklessly!
You are too injured to fight recklessly!
Okay, then.
You shoot a bolt. The bolt barely misses the killer bee.
You feel very sick. The killer bee stings you.
The killer bee barely misses you. The killer bee stings you.
You are more poisoned.
The killer bee poisons you! The killer bee stings you.
* * * LOW HITPOINT WARNING * * *
You are more poisoned.
The killer bee poisons you!
You shoot a bolt. The bolt barely misses the killer bee.
* * * LOW HITPOINT WARNING * * *
You feel extremely sick.
The killer bee stings you but does no damage.
The killer bee misses you. The killer bee closely misses you. x2
You shoot a bolt. The bolt closely misses the killer bee.
You hear the creaking of a portcullis very nearby.
* * * LOW HITPOINT WARNING * * *
You feel very sick. The killer bee stings you.
* * * LOW HITPOINT WARNING * * *
You are more poisoned.
The killer bee poisons you! The killer bee barely misses you.
The killer bee stings you but does no damage.
The killer bee misses you.
You shoot a bolt. The bolt hits the killer bee!
The killer bee is almost dead.
Zin protects you from harm!
The killer bee stings you but does no damage. x2
The killer bee closely misses you. The killer bee barely misses you.
You shoot a bolt. The bolt hits the killer bee!
You kill the killer bee!
You die...

,**,,,#......†...........,,,,,*,,
****,....#......#........,,***,,,
**,,,..)##>.†...#........,,***,,,
,,,,,..##................,,,**,,,
,,,,,..,#...)............,,,,,,,,
,,,,,...##.....##.....#*,,,,,,,,,
,,,,,.,#........#.....#*,,,**,,,,
,,,,,..#........)yy.).#*,,,**,,,,
,,,,,....##.....@##....#,,,*,,,,,
,,,,*###.....#####*,.....,,,,<,,,
,,,,*,#......#∩#....,#...,,,,,,,,
,,,,,........#+#....#*,.#,*,,,,,,
,,*,,##[.....#,,....#,,,#,,,,,***
*,,,**##....##*,...##,,,*,,,,,* *
,,,,,**##..#**>,....,,,**,,,,****
,,,,,,,*#..,***,.##..,,*,,,*,,**,
,*,,*,,,...,* *****,,,,,,,,**,,*,


You could see 2 killer bees.

Vanquished Creatures
  Prince Ribbit (D:5)
  Sigmund (D:5)
  2 orc warriors
  A sky beast (D:6)
  3 ice beasts
  A black bear (D:5)
  An ogre (D:6)
  5 centaurs
  3 kobold brigands
  2 bullfrogs
  6 scorpions
  A gnoll sergeant (D:8)
  3 necrophages
  3 wights (D:7)
  4 killer bees (D:8)
  4 howler monkeys
  5 hounds
  2 orc priests
  A gnoll bouda (D:7)
  An iron imp (D:5)
  3 jellies
  Natasha (thrice) (D:2)
  2 iguanas
  Robin (D:2)
  18 gnolls
  10 adders
  2 worms
  2 dart slugs (D:3)
  16 orcs
  7 bats
  5 endoplasms
  2 giant cockroaches (D:1)
  15 hobgoblins
  6 jackals
  4 quokkas
  9 ball pythons
  5 frilled lizards
  16 goblins
  24 kobolds
  4 rats
204 creatures vanquished.

Notes
Turn   | Place    | Note
-------+----------+-------------------------------------------
     0 | D:1      | HoaS the Formicid Hunter began the quest for the Orb.
     0 | D:1      | Reached XP level 1. HP: 16/16 MP: 1/1
    62 | D:1      | Reached XP level 2. HP: 22/22 MP: 2/2
   246 | D:1      | Reached XP level 3. HP: 27/27 MP: 3/3
   668 | D:2      | Reached skill level 5 in Ranged Weapons
   829 | D:2      | Noticed Robin
   952 | D:2      | Reached XP level 4. HP: 33/33 MP: 4/4
   979 | D:2      | Killed Robin
  1169 | D:2      | Noticed Natasha
  1182 | D:2      | Killed Natasha
  1183 | D:2      | Reached skill level 6 in Ranged Weapons
  1183 | D:2      | Reached XP level 5. HP: 19/38 MP: 5/5
  1486 | D:2      | Noticed Natasha
  1492 | D:2      | Killed Natasha
  1509 | D:2      | Noticed Natasha
  1511 | D:2      | Killed Natasha
  2020 | D:3      | Reached XP level 6. HP: 44/44 MP: 6/6
  2216 | D:3      | Reached skill level 7 in Ranged Weapons
  2323 | D:3      | Identified a scroll of acquirement
  2323 | D:3      | Acquired a manual of Ranged Weapons
  2480 | D:3      | Found a sacrificial altar of Ru.
  2720 | D:4      | Found a shimmering altar of Xom.
  2926 | D:4      | Reached skill level 8 in Ranged Weapons
  3070 | D:4      | Reached XP level 7. HP: 48/50 MP: 7/7
  3071 | D:4      | Reached skill level 9 in Ranged Weapons
  3119 | D:4      | Found a stormy altar of Qazlal.
  3554 | D:5      | Entered Level 5 of the Dungeon
  3586 | D:5      | Reached skill level 10 in Ranged Weapons
  3693 | D:5      | Found Ammomory's Antique Weapon Boutique.
  3788 | D:5      | Found a glowing silver altar of Zin.
  3806 | D:5      | Reached XP level 8. HP: 56/56 MP: 8/8
  3813 | D:5      | Became a worshipper of Zin the Law-Giver
  3813 | D:5      | Reached * piety under Zin
  3886 | D:5      | Reached skill level 11 in Ranged Weapons
  3939 | D:5      | Noticed Sigmund
  3949 | D:5      | Killed Sigmund
  3951 | D:5      | Found a staircase to the Ecumenical Temple.
  4035 | D:5      | Found a snail-covered altar of Cheibriados.
  4111 | D:5      | Noticed Prince Ribbit
  4127 | D:5      | Killed Prince Ribbit
  4128 | D:5      | Reached skill level 12 in Ranged Weapons
  4438 | D:6      | Reached skill level 13 in Ranged Weapons
  4438 | D:6      | Reached XP level 9. HP: 56/61 MP: 10/12
  4465 | D:6      | Found Anoebb's Jewellery Emporium.
  4487 | D:6      | Found Jyot's Antique Armour Shoppe.
  4510 | D:6      | Reached ** piety under Zin
  4600 | D:6      | Reached skill level 5 in Invocations
  4797 | D:6      | Reached skill level 14 in Ranged Weapons
  4952 | D:6      | Found Jyesoits's General Store.
  5249 | D:7      | Reached skill level 15 in Ranged Weapons
  5325 | D:7      | Reached *** piety under Zin
  5633 | D:7      | Found a radiant altar of Vehumet.
  5656 | D:7      | Reached skill level 16 in Ranged Weapons
  5656 | D:7      | Reached XP level 10. HP: 63/67 MP: 13/13
  5716 | D:7      | Found an iron altar of Okawaru.
  5734 | D:7      | Found a shimmering blue altar of Sif Muna.
  5989 | D:8      | Found Niudur's Armour Boutique.
  5997 | D:8      | Bought a +0 pair of gloves for 58 gold pieces
  6020 | D:8      | Found Vuroymp's Magic Scroll Boutique.
  6053 | D:8      | Found Difethri's Distillery.
  6098 | D:8      | Found Iceddolo's Assorted Antiques.
  6146 | D:8      | HP: 1/67 [killer bee (4)]
  6147 | D:8      | Zin protects you from harm!
  6148 | D:8      | Succumbed to a killer bee's poison

Illustrated notes

Levels and vault maps discovered:
D:1:      nzn_arrival_settlement, layout_basic
D:2:      layout_basic, uniq_robin, uniq_natasha
D:3:      layout_loops_ring, lemuel_coloured_pillars_altar
D:4:      layout_basic, mainiacjoe_overflow_six_doors_small,
          grunt_qazlal_sundering, kennysheep_generic_room_14
D:5:      black_bear_nest_2, layout_basic, chei_slow_surprise,
          nicolae_overflow_crystal_walls, temple_fountains, serial_shops,
          nicolae_shop_advertising_works [nicolae_subvault_shop_adworks],
          nicolae_concentric_dashed_squares_wild, uniq_sigmund,
          uniq_prince_ribbit1
D:6:      layout_loops_cross, serial_shops, nicolae_shop_hallway_plus,
          nicolae_inconvenience_store, shop, chequers_serial_rivers_room_b,
          fountainhead
D:7:      layout_basic, nicolae_sif_muna_little_library,
          mainiacjoe_overflow_alcove_1, mainiacjoe_overflow_brackets
D:8:      layout_cave_pools, mainiacjoe_overflow_alcove_2, serial_shops,
          kennysheep_mini, shop, nicolae_shop_window_shopping,
          nicolae_shop_window_shopping, shop, enter_bailey_2, grunt_tough_drop

Skill      XL: |  1  2  3  4  5  6  7  8  9 |
---------------+----------------------------+-----
Ranged Weapons | 5 6 8 10 13 16 | 16.9
Invocations    | 4 5 |  5.0
Fighting       | |  2.1
Dodging        | |  1.7
Stealth        | |  1.2

Action                     |  1- 3 |  4- 6 |  7- 9 | 10-12 || total
---------------------------+-------+-------+-------+-------++-------
   Fire: Shortbow          |   103 |   195 |   183 |       ||   481
         Arbalest          |       |       |    74 |    98 ||   172
Ability: Dig               |       |       |     2 |       ||     2
    Use: Scroll            |     4 |     9 |     4 |     2 ||    19
 Armour: Leather armour    |    16 |    23 |    25 |    57 ||   121
  Dodge: Dodged            |    41 |    34 |    56 |    82 ||   213

Table legend: (Time is in decaauts)
 A = Elapsed time spent in this place.
 B = Non-inter-level travel time spent in this place.
 C = Inter-level travel time spent in this place.
 D = Time resting spent in this place.
 E = Time spent auto-exploring this place.
 F = Levels seen in this place.
 G = Mean time per level.
                   A        B        C        D        E       F      G
               +--------+--------+--------+--------+--------+-----+--------+
         Total |   6233 |   6055 |    178 |    742 |   3956 |   8 |  779.1 |
       Dungeon |   6233 |   6055 |    178 |    742 |   3956 |   8 |  779.1 |
               +--------+--------+--------+--------+--------+-----+--------+

Top non-repeatable levels by time:
     D:2: 1207 daAuts
     D:4: 922 daAuts
     D:5: 872 daAuts
     D:3: 839 daAuts
     D:6: 800 daAuts
     D:7: 723 daAuts
     D:1: 656 daAuts
     D:8: 210 daAuts
